Map: Old Sun Temple LE

Players

GhostRobo - Winner!

  • Race: Terran Terran
  • Spawn Location: 5:00

A.I. 1 (Elite)

  • Race: Protoss Protoss
  • Spawn Location: 7:00

VOD

Have the link to the VOD?

Description

Time

  • Played on: July 4, 2026, 3:26 a.m.
  • Length: 14:52
Show
View Real Time Build Order
Export as new Build Order

GhostRobo Terran - Winner!

Build Orders: Reaper Expand 

Get SALT Encoding   

  8  0:00  SCV  
  9  0:13  SCV  
  10  0:26  SCV  
  11  0:32  Supply Depot  
  11  0:38  SCV  
  12  0:55  Barracks  
  12  0:58  Refinery  
  12  1:02  SCV  
  13  1:20  SCV  
  14  1:32  SCV  
  15  1:47  Orbital Command  
  15  1:48  Reaper  
  16  2:17  Command Center  
  16  2:20  SCV  
  17  2:32  Marine  
  17  2:33  Supply Depot  
  17  2:35  SCV  
  19  2:47  SCV  
  20  2:59  SCV  
  20  3:00  Barracks Reactor  
  21  3:06  Factory  
  21  3:09  Refinery  
  21  3:11  SCV  
  22  3:23  SCV  
  23  3:35  SCV  
  23  3:38  Orbital Command  
  23  3:39  Marine x2  
  26  3:49  SCV  
  26  3:51  Factory Tech Lab  
  26  3:53  Starport  
  27  3:57  Marine x2  
  27  4:01  SCV  
  30  4:03  SCV  
  31  4:13  SCV  
  31  4:15  SCV  
  33  4:18  Siege Tank  
  36  4:25  SCV  
  36  4:27  SCV  
  38  4:37  SCV  
  39  4:39  Marine x2  
  39  4:40  SCV  
  42  4:50  Supply Depot  
  42  4:51  Supply Depot  
  42  4:55  Barracks x2  
  42  5:10  Supply Depot  
  42  5:12  Marine, Medivac, SCV x2  
  47  5:16  Marine  
  47  5:17  Siege Tank  
  51  5:24  SCV  
  52  5:29  Marine  
  52  5:31  SCV  
  52  5:33  Command Center, Marine  
  55  5:42  SCV  
  56  5:43  SCV  
  56  5:44  Starport Reactor  
  56  5:47  Barracks Tech Lab x2, Marine  
  58  5:54  SCV  
  58  5:55  SCV, Refinery  
  58  5:57  Refinery  
  60  6:02  Supply Depot  
  60  6:06  SCV  
  60  6:08  Combat Shield, Stimpack  
  60  6:10  Marauder x2  
  60  6:11  Marine  
  66  6:23  SCV  
  67  6:27  Supply Depot  
  67  6:30  Supply Depot  
  67  6:32  Marauder  
  69  6:42  Engineering Bay, SCV x2  
  69  6:43  Engineering Bay  
  69  6:46  Medivac x2  
  75  6:48  Marauder, Marine  
  75  6:51  Siege Tank  
  75  6:53  Marauder  
  83  6:56  Orbital Command  
  83  7:00  SCV x2  
  85  7:06  Marine x2  
  85  7:07  Supply Depot  
  87  7:11  Marauder  
  87  7:12  SCV  
  90  7:16  Medivac  
  90  7:18  Terran Infantry Weapons Level 1  
  90  7:19  Terran Infantry Armor Level 1  
  92  7:25  Orbital Command  
  92  7:28  SCV x2  
  94  7:46  Barracks  
  94  7:47  SCV x2, Barracks  
  94  7:50  SCV  
  97  7:59  SCV x2  
  97  8:02  Marauder x2, SCV  
  97  8:03  Siege Tank  
  97  8:04  Medivac x2  
  111  8:16  Supply Depot  
  111  8:19  Supply Depot  
  111  8:20  Supply Depot  
  111  8:22  Supply Depot  
  111  8:25  Supply Depot  
  111  8:38  Marine x2, Marauder x2  
  111  8:40  Siege Tank  
  120  8:42  SCV  
  120  8:43  SCV x2  
  120  8:45  Supply Depot  
  120  8:48  Barracks Reactor x2  
  123  8:52  Medivac  
  125  8:55  Marine x2  
  125  8:59  Marine, Armory, Marauder  
  130  9:06  SCV x3, Refinery  
  130  9:07  Refinery  
  133  9:12  Siege Tank  
  133  9:13  Marine x2  
  138  9:17  Marauder  
  138  9:18  SCV x3  
  138  9:21  Marauder  
  145  9:25  Marine x2  
  145  9:30  SCV x2  
  149  9:31  Marine x2  
  151  9:39  Marauder  
  151  9:42  Marauder  
  151  9:44  Siege Tank  
  157  9:49  Marine  
  158  10:05  Marauder  
  158  10:10  Marauder, Supply Depot  
  158  10:11  Supply Depot, Terran Infantry Weapons Level 2  
  158  10:12  Terran Infantry Armor Level 2, Supply Depot  
  159  10:16  Supply Depot  
  159  10:32  Marine x3, SCV x2, Siege Tank  
  159  10:33  Marine x3, SCV, Marauder x2  
  175  10:37  Supply Depot  
  175  10:38  Supply Depot  
  175  10:41  Supply Depot  
  171  10:44  SCV  
  171  10:48  Command Center  
  172  10:55  Marauder x2  
  174  11:04  Siege Tank  
  174  11:16  Marauder x2  
  169  11:36  Siege Tank  
  169  11:37  Marauder x2  
  176  11:46  Barracks  
  172  11:47  Barracks  
  172  11:48  Barracks  
  146  12:30  Medivac x2  
  146  12:32  Marine x2  
  146  12:33  Marine, Marauder x2  
  146  12:34  Marine  
  161  13:00  Medivac x2  
  161  13:02  Marine  
  161  13:03  Marine x2  
  174  13:07  Command Center  
  174  13:09  Barracks Tech Lab, Barracks Reactor x2  
  174  13:10  Marine x5  
  169  13:13  Siege Tank  
  171  13:20  Marine  
  171  13:27  SCV x3  
  174  13:29  Marauder x2  
  174  13:30  Medivac x2  
  174  13:31  Planetary Fortress  
  183  13:38  Marine x3  
  183  13:39  Marine x3, Marauder  
  191  13:42  Refinery  
  191  13:43  Refinery  
  191  13:45  Siege Tank  
  194  13:50  Marauder x2  
  198  13:56  Marine  
  199  14:42  Refinery  
Show
View Real Time Build Order
Export as new Build Order

A.I. 1 (Elite) Protoss 

Build Orders:  

Get SALT Encoding   

  8  0:00  Probe  
  9  0:13  Probe  
  10  0:25  Probe  
  11  0:37  Probe  
  12  0:46  Pylon  
  12  0:49  Probe  
  13  1:00  Probe  
  13  1:08  Gateway  
  13  1:09  Probe  
  14  1:18  Assimilator, Probe  
  16  1:30  Probe  
  16  1:31  Pylon  
  17  1:42  Probe  
  18  1:54  Zealot  
  18  1:55  Probe  
  18  1:58  Cybernetics Core  
  21  2:07  Probe  
  22  2:19  Probe  
  23  2:31  Probe  
  23  2:36  Nexus  
  24  2:42  Warp Gate  
  24  2:43  Probe  
  25  2:53  Stalker  
  25  2:55  Probe  
  28  3:07  Probe  
  28  3:08  Pylon  
  29  3:21  Gateway  
  29  3:23  Assimilator  
  29  3:25  Adept  
  29  3:26  Probe  
  32  3:38  Probe  
  33  3:41  Pylon  
  33  3:47  Probe  
  34  3:51  Probe  
  34  3:53  Adept  
  35  3:59  Probe  
  38  4:03  Probe  
  38  4:09  Robotics Facility  
  39  4:11  Probe  
  39  4:15  Probe  
  43  4:24  Probe, Adept  
  44  4:27  Probe  
  47  4:36  Probe  
  48  4:39  Probe, Adept  
  49  4:47  Probe  
  49  4:48  Probe  
  49  4:51  Adept  
  53  4:59  Robotics Bay  
  53  5:00  Probe  
  53  5:01  Probe  
  53  5:06  Pylon  
  53  5:07  Observer, Adept  
  58  5:15  Robotics Facility  
  58  5:18  Pylon  
  58  5:23  Stalker  
  58  5:24  Probe x2  
  58  5:25  Stalker  
  64  5:30  Pylon  
  64  5:36  Probe x2  
  66  5:45  Stalker  
  66  5:46  Zealot  
  66  5:47  Assimilator  
  66  5:48  Probe  
  71  5:50  Twilight Council  
  71  5:51  Probe  
  72  6:00  Assimilator, Probe  
  73  6:09  Probe  
  73  6:10  Pylon  
  74  6:12  Probe  
  74  6:17  Probe  
  75  6:19  Gateway  
  75  6:24  Probe  
  77  6:25  Probe  
  77  6:28  Zealot  
  80  6:32  Pylon  
  80  6:35  Dark Shrine  
  80  6:36  Probe  
  80  6:37  Sentry  
  83  6:45  Forge  
  83  6:49  Forge  
  83  6:50  Stalker  
  83  6:53  Pylon, Nexus  
  85  6:59  Zealot  
  87  7:12  Zealot  
  87  7:13  Zealot, Protoss Ground Armor Level 1  
  87  7:14  Stalker  
  93  7:19  Pylon  
  93  7:24  Protoss Ground Weapons Level 1  
  93  7:31  Zealot, Gateway  
  93  7:34  Zealot  
  93  7:35  Sentry  
  99  7:41  Pylon  
  99  7:47  Stalker  
  101  7:56  Stalker  
  101  7:57  Templar Archives  
  101  7:58  Dark Templar  
  105  7:59  Pylon  
  105  8:06  Probe x3  
  105  8:09  Dark Templar  
  110  8:16  Assimilator  
  110  8:17  Probe  
  110  8:18  Probe x2, Pylon  
  113  8:25  Psionic Storm  
  113  8:26  Assimilator, Probe  
  113  8:28  Photon Cannon  
  113  8:29  Pylon  
  113  8:30  Probe x2  
  116  8:34  Probe  
  116  8:35  High Templar  
  116  8:40  Photon Cannon  
  119  8:42  Probe  
  119  8:43  Probe  
  119  8:44  Pylon  
  119  8:45  High Templar, Probe  
  124  8:51  Photon Cannon  
  124  8:54  Probe  
  124  8:55  Probe, High Templar  
  126  8:56  Photon Cannon  
  126  8:57  Probe  
  126  8:59  Archon  
  129  9:04  High Templar  
  129  9:05  Gateway  
  129  9:07  Archon, Photon Cannon  
  131  9:11  Stalker  
  131  9:13  Photon Cannon  
  133  9:19  Archon  
  133  9:20  High Templar  
  133  9:23  Warp Prism  
  137  9:31  High Templar  
  139  9:33  Immortal, Zealot  
  143  9:39  Nexus, Zealot  
  121  9:46  Pylon  
  121  9:47  Stalker  
  91  9:55  Dark Templar  
  91  9:59  Stalker  
  87  10:00  Immortal  
  87  10:01  Zealot  
  87  10:06  Zealot  
  89  10:07  Adept  
  80  10:21  Stalker  
  80  10:23  Sentry  
  80  10:24  Zealot  
  80  10:26  Nexus  
  80  10:28  Zealot  
  88  10:30  Adept  
  88  10:31  Probe  
  88  10:33  Probe  
  92  10:39  Stalker  
  92  10:42  Probe  
  87  10:43  Sentry  
  87  10:45  Zealot  
  87  10:47  Probe  
  93  10:50  Probe, Stalker  
  93  10:52  Sentry  
  93  10:54  Adept  
  95  11:02  Probe  
  92  11:09  Stalker  
  92  11:11  Probe  
  87  11:15  Adept  
  87  11:16  Dark Templar  
  75  11:24  Zealot  
  60  11:30  Adept  
  58  11:37  Zealot  
  21  12:16  Zealot  
  15  12:50  Probe  
  14  12:53  Probe  
  14  13:01  Probe  
  14  13:05  Probe  
  14  13:11  Probe  
  13  13:19  Probe  
  14  13:23  Probe  
  14  13:32  Probe  
  13  13:35  Probe  
  13  13:44  Probe  
  14  13:56  Probe  
  10  14:15  Probe  
  6  14:27  Probe  
  4  14:39  Probe  
Tags
 
Add a new tag
Caveats
  • Supply blocks, unpowered buildings, or Contaminate may cause inaccurate times.
  • Supply counts are checked every 10 seconds.